Map: Frostline LE

Players

Dylan - Winner!

  • Race: Zerg Zerg
  • Spawn Location: 1:00

VOD

Have the link to the VOD?

Description

Time

  • Played on: Dec. 20, 2024, 3:35 p.m.
  • Length: 16:24
Show
View Real Time Build Order
Export as new Build Order

Dylan Zerg - Winner!

Build Orders:  

Get SALT Encoding   

  12  0:28  Spawning Pool  
  11  0:39  Drone  
  12  0:40  Drone  
  13  0:50  Overlord  
  13  0:57  Drone  
  14  1:34  Zergling x4  
  14  1:37  Queen  
  18  1:46  Zergling x2  
  19  1:56  Zergling x2  
  20  2:16  Zergling x2  
  21  2:25  Zergling x2  
  22  2:40  Overlord  
  21  3:12  Zergling x4  
  21  3:32  Zergling x2  
  21  3:33  Zergling x4  
  23  3:51  Zergling x2  
  23  3:52  Zergling x2  
  24  4:07  Drone  
  24  4:28  Drone x3  
  24  4:29  Extractor  
  26  4:35  Drone  
  27  4:55  Overlord  
  27  4:58  Hatchery  
  25  5:14  Overlord  
  25  5:15  Overlord  
  19  5:25  Queen  
  21  5:33  Drone x2  
  21  5:39  Drone  
  24  5:40  Drone x2  
  24  5:41  Drone  
  27  5:54  Drone  
  28  6:35  Zergling x2  
  28  6:36  Zergling x6  
  32  6:44  Drone  
  33  6:59  Drone  
  34  7:00  Baneling Nest  
  33  7:10  Drone x3  
  33  7:12  Extractor  
  35  7:24  Drone  
  35  7:29  Metabolic Boost  
  36  7:35  Drone  
  37  7:45  Zergling x2  
  37  7:46  Zergling x4  
  40  8:01  Spine Crawler  
  40  8:05  Zergling x2, Spine Crawler  
  37  8:33  Overlord x2  
  31  9:00  Drone  
  31  9:01  Drone x2  
  34  9:23  Drone  
  34  9:24  Drone x13  
  48  9:30  Extractor  
  48  9:32  Extractor  
  46  9:50  Hatchery  
  45  10:08  Zergling x2  
  45  10:09  Zergling x8  
  50  10:12  Hatchery  
  49  10:25  Drone x3  
  49  10:29  Overlord x2  
  52  11:04  Zergling x14  
  59  11:27  Zergling x2  
  59  11:28  Zergling x6  
  63  11:34  Queen  
  63  11:37  Lair  
  65  11:49  Zergling x8  
  69  12:03  Zergling x2  
  66  12:12  Zergling x2  
  66  12:13  Zergling x2  
  62  12:26  Zergling x2  
  62  12:27  Zergling x10  
  62  12:55  Zergling x4  
  59  13:07  Zergling x2  
  59  13:08  Zergling x14  
  66  13:18  Drone  
  66  13:19  Drone x3  
  70  13:22  Extractor  
  70  13:24  Extractor  
  70  13:26  Roach Warren  
  67  13:31  Spine Crawler  
  66  13:46  Zergling x2  
  66  13:47  Zergling x18  
  72  13:55  Evolution Chamber  
  70  14:01  Evolution Chamber  
  69  14:16  Baneling x9  
  69  14:17  Baneling x3  
  69  14:21  Centrifugal Hooks  
  58  15:04  Zergling x2  
  58  15:05  Zergling x32  
  74  15:32  Zergling x12  
  74  15:36  Overlord  
  79  15:51  Overlord x4  
Tags
 
Add a new tag
Caveats
  • Supply blocks, unpowered buildings, or Contaminate may cause inaccurate times.
  • Supply counts are checked every 10 seconds.